 Dungeon Crawl Stone Soup version 0.30.0-29-ga12c61a403 (webtiles) character file.

Game seed: 11019486407054254329

49 Dadbod the Sneak (level 3, -1/30 HPs)
             Began as a Ghoul Brigand on June 22, 2023.
             Was a Follower of Lugonu.
             Slain by a gnoll
             ... wielding a +0 spear
              (10 damage)
             ... on level 2 of the Dungeon.
             The game lasted 00:04:45 (887 turns).

Dadbod the Sneak (Ghoul Brigand)                     Turns: 887, Time: 00:04:45

Health: -1/30      AC:  3    Str: 14    XL:     3   Next: 75%
Magic:  2/2        EV: 12    Int:  6    God:    Lugonu [*.....]
Gold:   56         SH:  0    Dex: 12    Spells: 2/2 levels left

rFire   . . .        f - +4 dagger
rCold   + . .        (no shield)
rNeg    + + +        b - +0 robe
rPois   ∞            (no helmet)
rElec   .            c - +0 cloak
rCorr   .            (no gloves)
SInv    .            (no boots)
Will    +....        (no amulet)
Stlth   +++          l - ring of willpower
HPRegen 0.00/turn    (no ring)
MPRegen 0.08/turn

%: no passive effects
@: inhibited regen
A: claws 1, cold resistance 1, negative energy resistance 3, inhibited
regeneration, torment resistance 2, devour on kill
a: Renounce Religion, Depart the Abyss


You were on level 2 of the Dungeon.
You worshipped Lugonu.
Lugonu was aware of your devotion.
You visited 1 branch of the dungeon, and saw 2 of its levels.

You collected 56 gold pieces.

Inventory:

Hand Weapons
 f - a +4 dagger (weapon)
Missiles
 d - 9 poisoned darts (quivered)
 e - 3 curare-tipped darts
Armour
 b - a +0 robe (worn)
 c - a +0 cloak (worn)
Jewellery
 l - a ring of willpower (left claw)
Scrolls
 g - a scroll of teleportation {unknown}
 h - 2 scrolls of identify
 j - a scroll of fear {unknown}
 m - a scroll of amnesia {unknown}
Potions
 i - a potion of brilliance {unknown}
 k - a potion of lignification {unknown}


   Skills:
 - Level 2.3 Fighting
 - Level 2.0 Short Blades
 - Level 2.1 Throwing
 + Level 1.8 Dodging
 - Level 5.1 Stealth


You had 2 spell levels left.
You didn't know any spells.
Your spell library contained the following spells:

 Spells                   Type           Power      Damage    Failure   Level
 Lesser Beckoning         Tloc           0%         N/A       58%         2
 Gell's Gravitas          Tloc           0%         N/A       83%         3
 Teleport Other           Tloc           0%         N/A       83%         3


Dungeon Overview and Level Annotations

Branches:
Dungeon (2/15)

Altars:
Lugonu


Innate Abilities, Weirdness & Mutations

You are immune to poison.
You have sharp fingernails.
Your flesh is cold resistant. (rC+)
You are immune to negative energy. (rN+++)
You do not regenerate when monsters are visible.
You are immune to unholy pain and torment.
You thrive by killing the living.


Message History

You hit the gnoll.
The gnoll is almost dead.
The gnoll hits you with a +0 club!
You hit the gnoll.
You kill the gnoll!
Lugonu accepts your kill.
You feel better.
You barely miss the gnoll. The gnoll hits you with a +0 whip.
You hit the gnoll.
The gnoll is moderately wounded.
You hit the gnoll.
The gnoll is severely wounded.
The gnoll barely misses you. The gnoll hits you but does no damage.
You hit the gnoll.
The gnoll is almost dead.
The gnoll hits you from afar with a +0 spear.
The gnoll hits you with a +0 whip!
You completely miss the gnoll.
The gnoll is almost dead.
The gnoll misses you. The gnoll barely misses you.
You barely miss the gnoll.
The gnoll is almost dead.
The gnoll closely misses you. x2
You feel better.
The gnoll hits you from afar with a +0 spear.
The gnoll misses you.
You puncture the gnoll!
You kill the gnoll!
Lugonu accepts your kill. The gnoll misses you.
The gnoll hits you with a +0 spear.
* * * LOW HITPOINT WARNING * * *
Things that are here:
a +0 whip; a +0 club; a gnoll corpse You feel better.
The gnoll hits you with a +0 spear!
* * * LOW HITPOINT WARNING * * *
You hit the gnoll.
The gnoll is moderately wounded.
The gnoll hits you with a +0 spear!
You die...

## .. ### #. ..g
#. ####.#
.#####.###....####
........@g........
.####..###.####.#
#... #.# #.#. #.#
#.#. #.# . #. #.#
. #. #.# #? #. #.#
###.#


You could see a gnoll.

Vanquished Creatures
  2 gnolls (D:2)
  2 ball pythons (D:1)
  2 bats (D:1)
  An endoplasm (D:1)
  7 goblins (D:1)
  3 hobgoblins
  4 jackals (D:1)
  A kobold (D:1)
  A quokka (D:1)
  A rat (D:1)
24 creatures vanquished.

Notes
Turn   | Place    | Note
-------+----------+-------------------------------------------
     0 | D:1      | Dadbod the Ghoul Brigand began the quest for the Orb.
     0 | D:1      | Reached XP level 1. HP: 17/17 MP: 0/0
   152 | D:1      | Reached XP level 2. HP: 22/24 MP: 1/1
   297 | D:1      | Reached skill level 5 in Stealth
   444 | D:1      | Reached XP level 3. HP: 30/30 MP: 2/2
   502 | D:1      | Found a faded altar of an unknown god.
   520 | D:1      | Prayed at the altar of an unknown god.
   520 | D:1      | Became a worshipper of Lugonu the Unformed
   520 | D:1      | Reached * piety under Lugonu
   870 | D:2      | Reached skill level 1 in Dodging
   887 | D:2      | Slain by a gnoll

Illustrated notes

Levels and vault maps discovered:
D:1:      zelgadis_glass_arrival_small, layout_loops_cross,
          hellmonk_ecumenical_altar_zigzags, minmay_tromino_v4_a
D:2:      layout_basic, due_unseen_surprise

Skill      XL: |  1  2  3 |
---------------+----------+-----
Short Blades   | 2 |  2.0
Stealth        | 5 |  5.1
Throwing       | 2 |  2.1
Dodging        | 1 |  1.8
Fighting       | |  2.3

Action                     || total
---------------------------++-------
  Melee: Dagger            ||    72
         Punch             ||     1
    Use: Potion            ||     2
         Scroll            ||     1
   Stab: Sleeping          ||     3
 Armour: Robe              ||    14
  Dodge: Dodged            ||    28
